 Dungeon Crawl Stone Soup version 0.27-a0-1324-ge0d8e047f6 (webtiles) character file.

Game seed: 5370937434061727216

517 Nattfarinn the Magician (level 7, -2/48 HPs)
             Began as a Barachi Summoner on June 23, 2021.
             Was a Believer of Cheibriados.
             Slain by an orc wizard (4 damage)
             ... on level 5 of the Dungeon.
             The game lasted 00:12:28 (5766 turns).

Nattfarinn the Magician (Barachi Summoner)          Turns: 5766, Time: 00:12:29

Health: -2/48      AC:  3    Str: 14    XL:     7   Next: 20%
Magic:  5/16       EV: 12    Int: 21    God:    Cheibriados [**....]
Gold:   169        SH:  0    Dex: 16    Spells: 12/18 levels left

rFire    . . .     SeeInvis .   p - +1 dagger (holy)
rCold    . . .     Faith    .   (no shield)
rNeg     . . .     Spirit   .   a - +0 robe
rPois    .         Reflect  .   (no helmet)
rElec    .         Harm     .   (no cloak)
rCorr    .         Rampage  .   r - +0 pair of gloves
Will     +....                  (no boots)
Stlth    ++........             (no amulet)
HPRegen  0.16/turn              t - ring of willpower
MPRegen  0.15/turn              (no ring)

@: mighty, very slow
A: amphibious, slowness 1, strong legs 1, +LOS
a: Hop, Renounce Religion, Bend Time


You were on level 5 of the Dungeon.
You worshipped Cheibriados.
Cheibriados was pleased with you.
You visited 1 branch of the dungeon, and saw 5 of its levels.

You collected 169 gold pieces.

Inventory:

Hand Weapons
 c - a +0 dagger
 p - a +1 dagger of holy wrath (weapon)
Missiles
 w - 6 curare-tipped darts
Armour
 a - a +0 robe (worn)
 f - a +0 buckler
 g - a +0 pair of gloves
 r - a +0 pair of gloves (worn)
Jewellery
 t - a ring of willpower (left hand)
 u - the ring "Coirr" {Fire Slay+5}
   (You took it off a goblin on level 4 of the Dungeon)

   [ring of fire]

   It enhances your fire magic.
   It affects your accuracy and damage with ranged weapons and melee attacks
   (+5).
   It protects you from fire.
   It makes you vulnerable to cold.
Scrolls
 d - 4 scrolls of teleportation
 e - 3 scrolls of identify {unknown}
 h - 2 scrolls of noise {unknown}
 l - a scroll of amnesia {unknown}
 q - a scroll of magic mapping {unknown}
 v - a scroll of fear {unknown}
 x - a scroll of fog {unknown}
 y - a scroll of torment {unknown}
Potions
 b - a potion of magic {unknown}
 i - a potion of cancellation
 k - a potion of ambrosia
 m - a potion of flight {unknown}
 n - a potion of might
 o - a potion of heal wounds {unknown}
 s - a potion of degeneration {unknown}


   Skills:
 - Level 1.4 Fighting
 - Level 1.6 Armour
 - Level 2.5 Dodging
 - Level 1.7 Stealth
 + Level 3.5 Shields
 + Level 6.1 Spellcasting
 - Level 5.2 Summonings


You had 12 spell levels left.
You knew the following spells:

 Your Spells              Type           Power      Damage    Failure   Level
a - Summon Small Mammal   Summ           100%       N/A       1%          1
b - Call Imp              Summ           28%        N/A       1%          2
c - Call Canine Familiar  Summ           28%        N/A       3%          3

Your spell library contained the following spells:

 Spells                   Type           Power      Damage    Failure   Level
 Magic Dart               Conj           24%        1d4       10%         1
 Summon Guardian Golem    Hex/Summ       17%        N/A       10%         3
 Searing Ray              Conj           12%        3d3       14%         2
 Dazzling Flash           Conj/Hex       12%        N/A       28%         3
 Summon Ice Beast         Ice/Summ       17%        N/A       32%         4
 Summon Lightning Spire   Summ/Air       17%        N/A       32%         4
 Fulminant Prism          Conj/Hex       3%         3d6       67%         4
 Iskenderun's Mystic Bla  Conj/Tloc      6%         2d4       67%         4


Dungeon Overview and Level Annotations

Branches:
Dungeon (5/15)
 Temple: D:4-7

Altars:
Cheibriados
Dithmenos
Nemelex Xobeh
Ru
Wu Jian


Innate Abilities, Weirdness & Mutations

You are amphibious.
You cover ground slowly.
You can hop short distances.
You have an extended range of vision and can be seen from far away.


Message History

Something hits you but does no damage. The hound bites your iron imp.
Your crimson imp barely misses the phantom.
The phantom hits you but does no damage.
Your crimson imp closely misses something.
Unknown command.
Casting: Call Imp (safe; 1% risk of failure)
Confirm with . or Enter, or press ? or * to list all spells.
A beastly little devil appears in a puff of frigid air.
The hound barely misses your iron imp. Something hits you.
Your crimson imp hits the phantom.
The phantom completely misses you.
Your iron imp closely misses the hound.
Your crimson imp closely misses something.
The hound bites your iron imp but does no damage.
Your magical contamination has completely faded away.
Casting: Call Imp (safe; 1% risk of failure)
Confirm with . or Enter, or press ? or * to list all spells.
A shadowy apparition takes form in the air.
You hear some strange, mumbled words.
A puff of flame appears from out of thin air!
The puff of flame hits you!
* * * LOW HITPOINT WARNING * * *
The hound bites your iron imp.
Your iron imp dies!
Your crimson imp closely misses the phantom.
The phantom hits you!
* * * LOW HITPOINT WARNING * * *
Your crimson imp closely misses something.
Your white imp gestures at the hound.
The puff of frost hits the hound!
The hound dies!
Cheibriados appreciates the change of pace.
Unknown command.
Okay, then.
It was a potion of might.
You feel very mighty all of a sudden.
Your crimson imp disappears in a puff of smoke!
Something hits you.
You die...

..# #.# ...# #.. #
#...# ##.# ##
#....###..# #.
#....#...# ##.
#.......#############..
#..5.5...............#
#....W?5.............#
#.#...@{†......#####..#
#...##.§......## ##..
...## ###>.....# ##. #
###...## . ##...# .
##...# . ##...# . .....
......


You could see a phantom (ally target), a friendly crimson imp (summoned), a
friendly white imp (summoned, expiring) and a friendly shadow imp (summoned).

Vanquished Creatures
  A hound skeleton (D:4)
  A dart slug (D:3)
  An orc (D:5)
  3 bats
  A giant cockroach (D:3)
  3 goblins
  2 hobgoblins
  4 jackals (D:1)
  6 quokkas
  A ball python (D:4)
  A frilled lizard (D:2)
  3 kobolds
  3 rats
30 creatures vanquished.

Vanquished Creatures (collateral kills)
  Sigmund (D:3)
  A necrophage (D:4)
  An ogre (D:4)
  Blork the orc (D:4)
  A scorpion (D:4)
  A howler monkey (D:5)
  3 hounds
  A jelly (D:4)
  An orc priest (D:3)
  A bullfrog skeleton (D:5)
  A centaur skeleton (D:5)
  An iguana (D:5)
  An orc wizard (D:3)
  2 hound skeletons
  4 gnolls (D:3)
  2 adders
  2 dart slugs
  5 orcs
  3 ball pythons
  A bat (D:1)
  4 endoplasms
  2 giant cockroaches (D:1)
  9 goblins
  7 hobgoblins
  5 jackals (D:1)
  2 frilled lizards (D:1)
  4 kobolds
67 creatures vanquished.

Grand Total: 97 creatures vanquished

Notes
Turn   | Place    | Note
-------+----------+-------------------------------------------
     0 | D:1      | Nattfarinn the Barachi Summoner began the quest for the
                  | Orb.
     0 | D:1      | Reached XP level 1. HP: 13/13 MP: 3/3
   505 | D:1      | Reached skill level 5 in Summonings
   505 | D:1      | Reached XP level 2. HP: 19/20 MP: 1/5
   521 | D:1      | Reached skill level 1 in Armour
   729 | D:1      | Learned a level 2 spell: Call Imp
  1430 | D:1      | Reached skill level 1 in Fighting
  1430 | D:1      | Reached XP level 3. HP: 22/26 MP: 1/6
  1770 | D:2      | Found a faded altar of an unknown god.
  2942 | D:3      | Noticed Sigmund
  3071 | D:3      | Found a snail-covered altar of Cheibriados.
  3077 | D:3      | Became a worshipper of Cheibriados the Contemplative
  3212 | D:3      | Killed Sigmund
  3213 | D:3      | Reached skill level 4 in Spellcasting
  3213 | D:3      | Reached XP level 4. HP: 24/32 MP: 1/10
  3213 | D:3      | Reached XP level 5. HP: 28/37 MP: 1/11
  3908 | D:3      | Reached * piety under Cheibriados
  4012 | D:4      | Reached skill level 5 in Spellcasting
  4256 | D:4      | Found a shadowy altar of Dithmenos.
  4358 | D:4      | Noticed Blork the orc
  4385 | D:4      | Learned a level 3 spell: Call Canine Familiar
  4407 | D:4      | Identified the ring "Coirr" {Fire Slay+5}
  4412 | D:4      | Killed Blork the orc
  4413 | D:4      | Reached skill level 1 in Shields
  4413 | D:4      | Reached XP level 6. HP: 43/43 MP: 3/13
  4508 | D:4      | Found a sparkling altar of Nemelex Xobeh.
  4604 | D:4      | Found an ornate altar of the Wu Jian Council.
  4835 | D:4      | Noticed a necrophage
  4842 | D:4      | Killed a necrophage
  4906 | D:4      | Found a sacrificial altar of Ru.
  5283 | D:4      | Reached ** piety under Cheibriados
  5403 | D:5      | Entered Level 5 of the Dungeon
  5506 | D:5      | Noticed a black bear
  5743 | D:5      | Reached XP level 7. HP: 48/48 MP: 8/15
  5750 | D:5      | Reached skill level 6 in Spellcasting
  5765 | D:5      | HP: 1/48 [phantom (7)]
  5766 | D:5      | Slain by an orc wizard

Illustrated notes

Levels and vault maps discovered:
D:1:      minmay_arrival_up_and_down, layout_basic
D:2:      layout_loops_corners, ebering_ecumenical_altar_abandoned,
          amethyst_killhole
D:3:      layout_rooms, nicolae_overflow_crystal_walls, minmay_quantized,
          uniq_sigmund
D:4:      layout_basic, pf_just_have_faith, lemuel_tele_altar,
          nemelex_xobeh_ov_fountains_minmay, lemuel_doored_altar,
          minmay_quadrilaterals, uniq_blork_the_orc
D:5:      minmay_diamond_boxcup, layout_cave_pods, cheibrodos_ashenzari_chains,
          uniq_duvessa

Skill      XL: |  1  2  3  4  5  6  7 |
---------------+----------------------+-----
Summonings     | 5 |  5.2
Armour         | 1 |  1.6
Fighting       | 1 |  1.4
Spellcasting   | 4 5 6 |  6.1
Shields        | 1 3 |  3.5
Dodging        | |  2.5
Stealth        | |  1.7

Action                   |  1- 3 |  4- 6 |  7- 9 || total
-------------------------+-------+-------+-------++-------
Melee: Dagger            |   121 |    55 |     5 ||   181
       Unarmed           |     1 |       |       ||     1
 Cast: Summon Small Mamm |    15 |       |       ||    15
       Call Imp          |    27 |    53 |     3 ||    83
       Call Canine Famil |       |     4 |       ||     4
  Use: Potion            |       |     5 |     2 ||     7
       Scroll            |       |     1 |       ||     1
 Stab: Sleeping          |     3 |     3 |       ||     6
Armor: Robe              |    49 |     6 |     8 ||    63
       Skin              |       |     3 |       ||     3
Dodge: Dodged            |   115 |    44 |    12 ||   171

Table legend: (Time is in decaauts)
 A = Elapsed time spent in this place.
 B = Non-inter-level travel time spent in this place.
 C = Inter-level travel time spent in this place.
 D = Time resting spent in this place.
 E = Time spent auto-exploring this place.
 F = Levels seen in this place.
 G = Mean time per level.
                   A        B        C        D        E       F      G
               +--------+--------+--------+--------+--------+-----+--------+
         Total |   6862 |   6621 |    241 |   1485 |   4052 |   5 | 1372.4 |
       Dungeon |   6862 |   6621 |    241 |   1485 |   4052 |   5 | 1372.4 |
               +--------+--------+--------+--------+--------+-----+--------+

Top non-repeatable levels by time:
     D:4: 1884 daAuts
     D:1: 1783 daAuts
     D:2: 1449 daAuts
     D:3: 1299 daAuts
     D:5: 445 daAuts
